 Dungeon Sprint DCSS version 0.28-a0-850-g09de17f5b5 (webtiles) character file.

Game seed: 18211470868268746805

34 minicreteconcrete the Magician (level 3, -1/43 HPs)
             Began as a Djinni Warper on Nov 13, 2021.
             Killed from afar by a dart slug (3 damage)
             ... with a slug dart
             ... in the Dungeon (Sprint IX: "|||||||||||||||||||||||||||||").
             The game lasted 00:00:52 (167 turns).

minicreteconcrete the Magician (Djinni Warper)       Turns: 167, Time: 00:00:52

Health: -1/43      AC:  3    Str: 11    XL:     3   Next: 50%
Gold:   0          EV: 12    Int: 14    God:
                   SH:  0    Dex: 12

rFire   + + .      SeeInvis .   a - +0 short sword
rCold   x . .      Faith    .   (no shield)
rNeg    . . .      Spirit   .   b - +0 leather armour
rPois   ∞          Reflect  .   (no helmet)
rElec   .          Harm     .   (no cloak)
rCorr   .          Rampage  .   (no gloves)
Will    .....      NoTele   +   (boots unavailable)
Stlth   ..........              (no amulet)
HPRegen 0.14/turn               (no ring)
MPRegen 0.00/turn               (no ring)

@: berserking (expiring), flying, very quick
A: sickness immunity, fire resistance 2, cold vulnerability 1, float, innate
caster, hp casting, extra vitality 1
a: no special abilities


You were in the Dungeon.
You visited 1 branch

Inventory:

Hand Weapons
 a - a +0 short sword (weapon)
Missiles
 d - 5 boomerangs of dispersal (quivered)
Armour
 b - a +0 leather armour (worn)
Scrolls
 c - 2 scrolls of blinking
Potions
 e - a potion of curing
 f - a potion of heal wounds
 g - a potion of haste


   Skills:
 + Level 2.7 Fighting
 + Level 2.9 Short Blades
 + Level 0.8 Throwing
 + Level 1.7 Armour
 + Level 3.0 Dodging
 + Level 4.3 Spellcasting


You couldn't memorise any spells.
You knew the following spells:

 Your Spells              Type           Power      Damage    Failure   Level
a - Blink                 Tloc           30%        N/A       6%          2
b - Lesser Beckoning      Tloc           15%        N/A       12%         3
c - Gell's Gravitas       Tloc           15%        N/A       12%         3
d - Teleport Other        Tloc           15%        N/A       12%         3
e - Manifold Assault      Tloc           15%        N/A       75%         5
f - Foxfire               Conj/Fire      60%        2x1d7     4%          1
Your spell library was empty.

Dungeon Overview and Level Annotations

Branches:
Dungeon (1/1)

Altars:


Innate Abilities, Weirdness & Mutations

You are immune to sickness and miasma.
You are immune to poison.
Your flesh is very heat resistant. (rF++)
You are vulnerable to cold. (rC-)
You float through the air rather than walking.
You learn spells naturally, not from books.
Your magical power is your life essence.
You have superior vitality. (+4 HP)


Message History

The orc barely misses you.
You hit the orc.
The orc is heavily wounded.
The orc hits you with a +0 whip.
You barely miss the orc.
The orc is heavily wounded.
The orc hits you with a +0 whip.
You hit the orc.
You kill the orc!
A red film seems to cover your vision as you go berserk!
You feel yourself moving faster!
You feel mighty! The iguana bites you!
You hit the iguana.
The iguana is lightly wounded.
The iguana bites you!
* * * LOW HITPOINT WARNING * * *
You puncture the iguana!
The iguana is heavily wounded.
The iguana bites you.
* * * LOW HITPOINT WARNING * * *
You hit the iguana.
The iguana is almost dead.
You barely miss the iguana.
The iguana is almost dead.
The iguana barely misses you.
You barely miss the iguana.
The iguana is almost dead.
The iguana closely misses you.
You puncture the iguana!
You kill the iguana!
Your Dodging skill increases to level 3!
Your Spellcasting skill increases to level 4!
You have reached level 3!
Your experience leads to an increase in your attributes!
Increase (S)trength, (I)ntelligence, or (D)exterity?
You feel stronger.
The power to cast Foxfire wells up from within.
Spell assigned to 'f'.
The dart slug launches a dart at you. The slug dart hits you.
You die... ▓▓▓▓▓▓▓▓▓▓▓▓▓▓▓▓▓▓ +Snw..'....)Snw@<▓ ▓▓▓▓▓▓▓▓▓▓▓▓▓▓▓▓▓▓

You could see a necrophage, an adder and a dart slug.

Vanquished Creatures
  An iguana (D)
  A dart slug (D)
  An orc (D)
  2 bats (D)
  A kobold (D)
  A rat (D)
7 creatures vanquished.

Notes
Turn   | Place    | Note
-------+----------+-------------------------------------------
     0 | D        | minicreteconcrete the Djinni Warper began the quest for the
                  | Orb.
     0 | D        | Reached XP level 1. HP: 18/18 MP: 0/0
     9 | D        | Reached skill level 3 in Spellcasting
    25 | D        | Reached XP level 2. HP: 14/23 MP: 0/0
   144 | D        | Noticed a necrophage
   162 | D        | HP: 1/34 [iguana (3)]
   167 | D        | Reached skill level 4 in Spellcasting
   167 | D        | Reached XP level 3. HP: 2/29 MP: 0/0
   167 | D        | Learned a level 1 spell: Foxfire
   167 | D        | Killed from afar by a dart slug

Illustrated notes

Levels and vault maps discovered:
D:        linesprint [early_d, line_temple, items_1, d_10, items_2, lair_1,
          lair_end, items_3, orc_1, orc_end, items_4, d_15, swamp_1, shoals_1,
          snake_1, spider_1, d_20, vaults_1, items_5, swamp_end, shoals_end,
          snake_end, spider_end, vaults_end, d_27, items_6, zot_1, zot_end,
          crypt_end, forest_end, elf_end, slime_end, tomb_end, abyss_end,
          pan_hell_end]

Skill      XL: |  1  2 |
---------------+-------+-----
Spellcasting   | 3 4 |  4.3
Short Blades   | 2 |  2.9
Dodging        | 3 |  3.0
Fighting       | |  2.7
Throwing       | |  0.8
Armour         | |  1.7

Action                   || total
-------------------------++-------
Melee: Short sword       ||    29
 Cast: Blink             ||     1
  Use: Potion            ||     1
Armor: Leather armour    ||     9
Dodge: Dodged            ||    18

Table legend: (Time is in decaauts)
 A = Elapsed time spent in this place.
 B = Non-inter-level travel time spent in this place.
 C = Inter-level travel time spent in this place.
 D = Time resting spent in this place.
 E = Time spent auto-exploring this place.
 F = Levels seen in this place.
 G = Mean time per level.
                   A        B        C        D        E       F      G
               +--------+--------+--------+--------+--------+-----+--------+
         Total |    165 |    165 |      0 |    116 |      0 |   1 |  165.0 |
       Dungeon |    165 |    165 |      0 |    116 |      0 |   1 |  165.0 |
               +--------+--------+--------+--------+--------+-----+--------+

Top non-repeatable levels by time:
       D: 165 daAuts
